 Dungeon Crawl Stone Soup version 0.29.1-2-gbd0b4ee654 (webtiles) character file.

Game seed: 6837609493037062325

13629 funnyparkerb the Slicer (level 12, -1/65 HPs)
             Began as a Vine Stalker Monk on Oct 24, 2022.
             Was a Follower of Uskayaw.
             Slain by an Executioner (6 damage)
             ... on level 2 of the Abyss.
             The game lasted 00:33:05 (10903 turns).

funnyparkerb the Slicer (Vine Stalker Monk)        Turns: 10903, Time: 00:33:06

Health: -1/65      AC: 13    Str: 14    XL:     12   Next: 8%
Magic:  0/28       EV: 13    Int: 10    God:    Uskayaw [*.....]
Gold:   311        SH:  6    Dex: 22    Spells: 11/11 levels left

rFire   + . .      SeeInvis .   I - +2 dagger (freeze)
rCold   + . .      Faith    +   g - +0 buckler
rNeg    . . .      Spirit   +   u - +0 scale mail {rF+}
rPois   .          Reflect  .   b - +2 helmet
rElec   .          Harm     .   L - +1 cloak
rCorr   .          Rampage  .   c - +0 pair of gloves
Will    +....                   K - +0 pair of boots {Stlth+}
Stlth   ++++......              k - amulet of faith
HPRegen 1.00/turn               E - ring of protection from cold
MPRegen 0.21/turn               J - ring of magical power

@: about to teleport
A: fangs 3, regeneration 1, magic shield, antimagic bite, no potion heal 2
a: Renounce Religion, Stomp


You were on level 2 of the Abyss.
You worshipped Uskayaw.
Uskayaw was aware of your devotion.
You visited 2 branches of the dungeon, and saw 12 of its levels.
You visited the Abyss 1 time.
You also visited: Sewer.

You collected 633 gold pieces.
You spent 322 gold pieces at shops.

Inventory:

Hand Weapons
 I - a +2 dagger of freezing (weapon)
Missiles
 j - 6 javelins (quivered)
 o - 13 boomerangs
 p - 35 poisoned darts
 F - 4 atropa-tipped darts
 O - a curare-tipped dart
Armour
 b - a +2 helmet (worn)
 c - a +0 pair of gloves (worn)
 g - a +0 buckler (worn)
 u - a +0 scale mail of fire resistance (worn)
 K - a +0 pair of boots of stealth (worn)
 L - a +1 cloak (worn)
Jewellery
 k - an amulet of faith (around neck)
 E - a ring of protection from cold (left hand)
 J - a ring of magical power (right hand)
 Q - a ring of poison resistance
Wands
 G - a wand of digging (3)
 N - a wand of charming (4)
Scrolls
 d - a scroll of butterflies
 e - 3 scrolls of noise {unknown}
 f - a scroll of magic mapping
 h - 4 scrolls of enchant weapon {unknown}
 i - 2 scrolls of silence
 l - a scroll of teleportation
 r - 2 scrolls of blinking
 t - a scroll of torment {unknown}
 v - 3 scrolls of identify
 y - 4 scrolls of enchant armour {unknown}
 z - 2 scrolls of amnesia {unknown}
Potions
 a - 2 potions of might
 m - 4 potions of heal wounds
 n - 2 potions of flight
 q - a potion of mutation
 s - 2 potions of lignification
 w - a potion of magic {unknown}
 x - 2 potions of attraction
 A - a potion of invisibility {unknown}
 B - 2 potions of berserk rage
 C - 3 potions of curing
 D - 2 potions of degeneration
 H - a potion of brilliance
 M - a potion of ambrosia
 P - a potion of resistance


   Skills:
 * Level 8.7 Fighting
 - Level 10.0 Short Blades
 * Level 7.6 Dodging
 + Level 7.6 Stealth
 - Level 3.0 Shields
 * Level 8.2 Invocations


You had 11 spell levels left.
You didn't know any spells.
Your spell library contained the following spells:

 Spells                   Type           Power      Damage    Failure   Level
 Freeze                   Ice            0%         1d3       93%         1
 Sting                    Tmut/Pois      0%         1d3       93%         1
 Poisonous Vapours        Pois/Air       0%         N/A       98%         2
 Scorch                   Fire           0%         2d5       98%         2
 Frozen Ramparts          Ice            0%         1d1       100%        3
 Portal Projectile        Hex/Tloc       0%         N/A       100%        3
 Tukima's Dance           Hex            0%         N/A       100%        3
 Animate Dead             Necr           0%         N/A       100%        4
 Flame Wave               Conj/Fire      0%         2d4       100%        4
 Hailstorm                Conj/Ice       0%         3d3       100%        4
 Olgreb's Toxic Radiance  Pois           0%         N/A       100%        4
 Blade Hands              Tmut           0%         N/A       100%        5
 Borgnjor's Vile Clutch   Necr/Erth      0%         N/A       100%        5
 Summon Forest            Summ/Tloc      0%         N/A       100%        5
 Death Channel            Necr           0%         N/A       100%        6
 Eringya's Noxious Bog    Tmut/Pois      0%         N/A       100%        6
 Summon Cactus Giant      Summ           0%         N/A       100%        6
 Summon Hydra             Summ           0%         N/A       100%        7


Dungeon Overview and Level Annotations

Branches:
Dungeon (11/15)            Temple (1/1) D:6             Orc (0/2) D:10
  Sewer (visited)
   Lair: D:8-11

Altars:
Ashenzari
Cheibriados
Dithmenos
Elyvilon
Fedhas
Gozag
Hepliaklqana
Kikubaaqudgha
Makhleb
Nemelex Xobeh
Qazlal
Trog
Uskayaw
Vehumet
Wu Jian
Xom
Zin
The Shining One

Shops:
D:5 :   D:7 [

Annotations:
D:4 2 transporters, Orthodox's ghost, novice GrFi
D:5 2 transporters, lotum's ghost, novice OpFi
D:10 2 transporters, LustLizard's ghost, journeyman HuGl
D:11 Sonja


Innate Abilities, Weirdness & Mutations

You have razor-sharp teeth.
Your natural rate of healing is unusually fast.
When hurt, damage is shared between your health and your magic reserves.
Your bite disrupts and absorbs the magic of your enemies.
Potions cannot restore your health.


Message History

The Executioner hits you but does no damage.
You block the Executioner's attack. The Executioner hits you!
The Executioner barely misses you. The Executioner hits you.
The Executioner completely misses you. You block the Executioner's attack. x2
The Executioner hits you but does no damage.
The Executioner barely misses you.
The Executioner hits you but does no damage.
The Executioner attacks as you move away!
The Executioner hits you!
* * * LOW HITPOINT WARNING * * *
The Executioner closely misses you. The Executioner barely misses you.
The Executioner closely misses you.
The Executioner hits you but does no damage.
The Executioner closely misses you.
The Executioner hits you but does no damage. x2
You block the Executioner's attack. The Executioner hits you!
* * * LOW HITPOINT WARNING * * *
The Executioner closely misses you. x3; The Executioner hits you.
* * * LOW HITPOINT WARNING * * *
The Executioner barely misses you. The Executioner hits you.
* * * LOW HITPOINT WARNING * * *
The Executioner hits you.
* * * LOW HITPOINT WARNING * * *
The Executioner closely misses you. You block the Executioner's attack.
The Executioner barely misses you. The Executioner closely misses you.
The Executioner hits you.
* * * LOW HITPOINT WARNING * * *
The Executioner hits you but does no damage. x2
The Executioner hits you!
* * * LOW HITPOINT WARNING * * *
The Executioner hits you but does no damage. x2
Blink to where?
Press: ? - help, Dir - move target
As you read the scroll of blinking, it crumbles to dust.
The Executioner attacks as you move away!
The Executioner barely misses you. The Executioner misses you.
The Executioner closely misses you. The Executioner hits you!
You die...

#.. #..## ....
... .. ##. .
.# #.##
..####. ##@.#
.....#.###1#.#
#...#...##.#
#..#..###
##.##.#
#..#.#1#
####...#
#.##ยง# ..#.##


You could see an Executioner (fast).

Vanquished Creatures
  Urug (D:11)
  An ugly thing (D:9)
  3 deep elf pyromancers
  2 cyclopes (D:11)
  A black mamba (shapeshifter) (D:9)
  A gargoyle (D:11)
  2 komodo dragons
  A troll (D:9)
  3 wyverns
  A wraith (D:9)
  A basilisk (shapeshifter) (D:9)
  3 steam dragons
  24 yaks
  A basilisk (D:8)
  2 vampire mosquitoes (D:11)
  An acid dragon (D:9)
  2 water moccasins
  7 orc warriors
  3 black bears
  2 ice beasts (D:7)
  2 ogres
  2 centaurs
  3 bullfrogs
  5 kobold brigands
  A gnoll sergeant (D:11)
  A necrophage (D:7)
  2 scorpions (D:6)
  7 wights
  A jelly (D:4)
  9 killer bees
  2 howler monkeys (D:9)
  7 hounds
  2 orc priests
  A gnoll bouda (D:7)
  Ijyb (D:5)
  5 iguanas
  10 orc wizards
  10 gnolls
  13 adders
  2 river rats
  4 worms
  3 dart slugs
  27 orcs
  8 ball pythons
  5 endoplasms
  5 giant cockroaches
  14 goblins
  9 hobgoblins
  2 quokkas
  3 bats
  3 frilled lizards (D:1)
  13 kobolds
  8 rats
252 creatures vanquished.

Notes
Turn   | Place    | Note
-------+----------+-------------------------------------------
     0 | D:1      | funnyparkerb the Vine Stalker Monk began the quest for the
                  | Orb.
     0 | D:1      | Reached XP level 1. HP: 11/11 MP: 2/2
   220 | D:1      | Reached XP level 2. HP: 7/16 MP: 1/3
   553 | D:1      | Found a faded altar of an unknown god.
   576 | D:1      | Reached skill level 3 in Short Blades
  1010 | D:1      | Reached XP level 3. HP: 20/20 MP: 4/4
  2100 | D:1      | Gained mutation: Your natural rate of healing is unusually
                  | fast. [Vine Stalker growth]
  2100 | D:1      | Reached XP level 4. HP: 18/25 MP: 5/5
  2928 | D:3      | Found a glowing drain.
  2967 | D:3      | Reached skill level 4 in Short Blades
  2967 | D:3      | Reached XP level 5. HP: 10/29 MP: 2/6
  2988 | Sewer    | Entered a sewer
  3101 | Sewer    | Noticed a kobold brigand
  3111 | Sewer    | Killed a kobold brigand
  3112 | Sewer    | Reached skill level 5 in Short Blades
  3114 | Sewer    | Reached XP level 6. HP: 32/33 MP: 7/7
  4069 | D:4      | Found a burning altar of Makhleb.
  4288 | D:4      | Reached skill level 6 in Short Blades
  4333 | D:4      | Reached XP level 7. HP: 15/37 MP: 8/8
  4574 | D:4      | Noticed a two-headed ogre
  4583 | D:4      | Found a transporter.
  4583 | D:4      | Noticed Orthodox's ghost (novice GrFi)
  4590 | D:4      | Found a transporter.
  4839 | D:5      | Entered Level 5 of the Dungeon
  4938 | D:5      | Found Wuklion's Book Shoppe.
  5281 | D:5      | Noticed lotum's ghost (novice OpFi)
  5297 | D:5      | Found a transporter.
  5310 | D:5      | Found a transporter.
  5498 | D:5      | Found an opulent altar of Gozag.
  5498 | D:5      | Found a sparkling altar of Nemelex Xobeh.
  5730 | D:5      | Noticed Ijyb
  5741 | D:5      | Killed Ijyb
  5969 | D:5      | Reached skill level 5 in Fighting
  5969 | D:5      | Gained mutation: You have razor-sharp teeth. [Vine Stalker
                  | growth]
  5969 | D:5      | Reached XP level 8. HP: 42/43 MP: 9/9
  5991 | D:6      | Identified the +7 quarterstaff "Giant's Nightmare" {vorpal,
                  | rC+ rN+}
  6043 | D:6      | Reached skill level 7 in Short Blades
  6141 | D:6      | Found a staircase to the Ecumenical Temple.
  6153 | Temple   | Entered the Ecumenical Temple
  6221 | Temple   | Became a worshipper of Uskayaw the Reveller
  6221 | Temple   | Reached * piety under Uskayaw
  6244 | D:7      | Noticed a wyvern
  6250 | D:6      | Reached ** piety under Uskayaw
  6252 | D:6      | Reached *** piety under Uskayaw
  6256 | D:6      | Reached **** piety under Uskayaw
  6273 | D:6      | Reached skill level 8 in Short Blades
  6475 | D:6      | Found a glowing silver altar of Zin.
  6623 | D:7      | Reached skill level 9 in Short Blades
  6623 | D:7      | Reached XP level 9. HP: 47/47 MP: 7/10
  6812 | D:7      | Reached skill level 1 in Invocations
  6954 | D:7      | Reached ***** piety under Uskayaw
  7026 | D:7      | Found Quulinisu's Armour Shop.
  7031 | D:7      | Reached skill level 10 in Short Blades
  7109 | D:7      | Bought a +0 pair of boots of stealth for 161 gold pieces
  7109 | D:7      | Bought a +1 cloak for 161 gold pieces
  7199 | D:7      | Reached skill level 1 in Shields
  7784 | D:8      | Reached XP level 10. HP: 42/52 MP: 10/14
  8069 | D:8      | Reached skill level 5 in Dodging
  8530 | D:9      | You fall into a shaft and drop 2 floors!
  8645 | D:11     | Noticed Urug
  8658 | D:11     | Noticed a cyclops
  8664 | D:11     | Killed Urug
  8665 | D:11     | Reached skill level 5 in Invocations
  8666 | D:11     | Noticed a deep elf pyromancer
  8671 | D:11     | Noticed a cyclops
  8674 | D:11     | Noticed a manticore
  8676 | D:11     | Killed a cyclops
  8677 | D:11     | Reached skill level 5 in Stealth
  8698 | D:10     | Entered Level 10 of the Dungeon
  8730 | D:10     | Noticed a moth of wrath
  8732 | D:10     | Noticed a two-headed ogre
  8732 | D:10     | Noticed a tengu warrior
  8737 | D:10     | Noticed LustLizard's ghost (journeyman HuGl)
  8737 | D:10     | Noticed a two-headed ogre
  8881 | D:10     | Found a staircase to the Orcish Mines.
  8905 | D:10     | Found a transporter.
  9123 | D:9      | Found a runed translucent door.
  9363 | D:9      | Reached XP level 11. HP: 58/58 MP: 16/16
  9441 | D:9      | Reached ****** piety under Uskayaw
  9475 | D:9      | Found a runed translucent door.
  9907 | D:9      | Noticed a deep elf pyromancer
  9943 | D:9      | Killed a deep elf pyromancer
  9961 | D:9      | Noticed a purple ugly thing
 10004 | D:9      | Killed a purple ugly thing
 10268 | D:10     | Found a bloodstained altar of Trog.
 10268 | D:10     | Found a transporter.
 10591 | D:11     | Noticed a cyclops
 10603 | D:11     | Killed a cyclops
 10611 | D:11     | Noticed a deep elf pyromancer
 10631 | D:11     | Killed a deep elf pyromancer
 10682 | D:11     | Found a hide-covered altar of Uskayaw.
 10734 | D:11     | Killed a deep elf pyromancer
 10735 | D:11     | Reached XP level 12. HP: 65/65 MP: 19/19
 10825 | D:11     | Noticed Sonja
 10837 | Abyss:2  | Cast into level 2 of the Abyss (Sonja)
 10887 | Abyss:2  | Noticed an Executioner
 10900 | Abyss:2  | HP: 2/65 [Executioner (7)]
 10903 | Abyss:2  | Slain by an Executioner

Illustrated notes

Levels and vault maps discovered:
D:1:      dpeg_arrival_water_temple_mockup, layout_loops_ring,
          hellmonk_ecumenical_altar_blasted
D:2:      layout_basic, minmay_misc_feat_secret_circle, st_stairs_14,
          nrook_loot_triangle, grunt_ministairs_9, nicolae_figureground_sparkle
D:3:      layout_loops_corners, portal_sewer_entry_b
D:4:      layout_gridville, lemuel_round_altar, gammafunk_ghost_arena
D:5:      layout_loops_ring, grunt_temple_overflow_opulence, serial_shops,
          nicolae_stop_n_shop_1, gammafunk_ghost_arena, uniq_ijyb
D:6:      layout_rooms, zin_academy, minmay_temple_entry_arrows
D:7:      layout_basic, kennysheep_windowed_goal
D:8:      layout_loops_corners, erik_lair_dragon, minmay_holes
D:9:      cheibrodos_histonic, layout_loops_cross, enter_bailey_3
D:10:     layout_rooms, david_orc_3, gammafunk_ghost_wrathful_warriors,
          serial_shops, kennysheep_mini, fountainhead, minivault_8
D:11:     layout_layer_cave, nicolae_uskayaw_murder_on_the_dancefloor,
          uniq_sonja, uniq_urug, uniq_snorg, uniq_fannar, uniq_grum
Temple:   mainiacjoe_temple_coin_purse
Abyss:2:  base:
D:7

Skill      XL: |  1  2  3  4  5  6  7  8  9 10 11 |
---------------+----------------------------------+-----
Fighting       | 3 4 5 7 8 |  8.7
Short Blades   | 3 4 5 6 9 10 | 10.0
Dodging        | 3 4 6 7 |  7.6
Invocations    | 4 6 8 |  8.2
Shields        | 2 3 |  3.0
Stealth        | 3 5 7 |  7.6

Action                   |  1- 3 |  4- 6 |  7- 9 | 10-12 || total
-------------------------+-------+-------+-------+-------++-------
Melee: Short sword       |    42 |       |       |       ||    42
       Bite              |    28 |    80 |   168 |   181 ||   457
       Dagger            |    64 |   259 |   459 |   501 ||  1283
Throw: Javelin           |     6 |     3 |       |       ||     9
       Dart              |     4 |     6 |     8 |     6 ||    24
       Boomerang         |       |       |     1 |       ||     1
Invok: Line Pass         |       |       |     7 |    19 ||    26
Evoke: Wand              |       |     6 |     1 |     2 ||     9
  Use: Potion            |     3 |       |     1 |       ||     4
       Scroll            |     1 |       |     2 |    20 ||    23
 Stab: Sleeping          |     4 |     1 |     1 |     5 ||    11
       Paralysed         |       |       |     9 |    29 ||    38
       Confused          |       |       |     3 |    12 ||    15
Armor: Leather armour    |    33 |     8 |       |       ||    41
       Scale mail        |       |    96 |   194 |   102 ||   392
Dodge: Dodged            |    54 |    93 |   193 |   154 ||   494
Block: Buckler           |    14 |    37 |    57 |    72 ||   180
